 Dungeon Crawl Stone Soup version 0.28-b1-25-g9875b3fc8c (webtiles) character file.

Game seed: 16921868659233171447

6185 theElss the Basher (level 10, 0/65 HPs)
             Began as a Gargoyle Berserker on Feb 6, 2022.
             Was a Priest of Trog.
             Succumbed to barbed spike wounds
             ... on level 8 of the Dungeon.
             The game lasted 00:22:55 (9419 turns).

theElss the Basher (Gargoyle Berserker)             Turns: 9419, Time: 00:22:55

Health: 0/65       AC: 24    Str: 21    XL:     10   Next: 91%
Magic:  10/10      EV:  6    Int:  8    God:    Trog [***...]
Gold:   460        SH:  7    Dex: 13    Spells: 9/9 levels left

rFire   . . .      SeeInvis .   v - +2 flail (holy)
rCold   . . .      Faith    .   J - +0 kite shield
rNeg    + . .      Spirit   .   y - +0 plate armour
rPois   ∞          Reflect  .   q - +0 helmet
rElec   +          Harm     .   f - +0 cloak
rCorr   .          Rampage  .   r - +0 pair of gloves
Will    .....                   (no boots)
Stlth   ..........              A - amulet of regeneration
HPRegen 1.00/turn               (no ring)
MPRegen 0.12/turn               (no ring)

@: spiked
A: sickness immunity, AC +7, negative energy resistance 1, electricity
resistance, torment resistance 1, petrification resistance
a: Renounce Religion, Berserk, Trog's Hand


You were on level 8 of the Dungeon.
You worshipped Trog.
Trog was most pleased with you.
You visited 1 branch of the dungeon, and saw 9 of its levels.

You collected 460 gold pieces.

Inventory:

Hand Weapons
 d - a +2 whip of flaming
 v - a +2 flail of holy wrath (weapon)
Armour
 f - a +0 cloak (worn)
 q - a +0 helmet (worn)
 r - a +0 pair of gloves (worn)
 y - a +0 plate armour (worn)
 J - a +0 kite shield (worn)
Jewellery
 A - an amulet of regeneration (around neck)
Wands
 k - a wand of flame (11) (quivered)
 t - a wand of charming (7)
 E - a wand of iceblast (8)
 K - a wand of acid (5)
Scrolls
 b - a scroll of fog {unknown}
 c - 2 scrolls of brand weapon
 e - a scroll of fear
 i - a scroll of silence {unknown}
 j - 3 scrolls of enchant armour {unknown}
 l - 2 scrolls of amnesia {unknown}
 m - 3 scrolls of teleportation
 p - a scroll of torment {unknown}
 s - 2 scrolls of enchant weapon {unknown}
 x - 3 scrolls of vulnerability
 D - a scroll of acquirement {unknown}
 F - a scroll of magic mapping {unknown}
 H - a scroll of summoning {unknown}
 I - 2 scrolls of identify
Potions
 a - a potion of attraction {unknown}
 g - 2 potions of heal wounds
 h - a potion of might {unknown}
 n - 3 potions of brilliance
 o - a potion of lignification {unknown}
 u - a potion of ambrosia {unknown}
 w - a potion of mutation {unknown}
 z - 2 potions of curing {unknown}
 B - a potion of degeneration {unknown}
 C - a potion of flight {unknown}
 G - a potion of haste {unknown}


   Skills:
 + Level 8.5 Fighting
 * Level 9.9 Maces & Flails
 + Level 7.7 Armour
 + Level 5.7 Dodging
 - Level 0.1 Stealth
 + Level 0.1 Shields
 - Level 5.0 Evocations


You had 9 spell levels left.
You didn't know any spells.
Your spell library was empty.

Dungeon Overview and Level Annotations

Branches:
Dungeon (9/15)             Temple (0/1) D:4            Lair (0/6) D:8
    Orc: D:9-12

Altars:
Ashenzari
Elyvilon
Kikubaaqudgha
Nemelex Xobeh
Qazlal
Ru
Yredelemnul


Innate Abilities, Weirdness & Mutations

You are immune to sickness and miasma.
Your stone body is resilient. (AC +7)
You are immune to poison.
You resist negative energy. (rN+)
You are resistant to electric shocks. (rElec)
You are resistant to unholy torment.
You are immune to petrification.


Message History

The smoke demon gestures at you.
The sticky flame hits you but does no damage.
You are covered in liquid flames!
The red devil hits you but does no damage.
Unknown command.
Hit: v) +2 flail (holy)
Press: ? - help, Dir - move target, f - ufetubus
Aim: an ufetubus (blue smoke, summoned, about 49% to evade your +2 flail of holy wrath)
Okay, then.
Okay, then.
You barely miss the ufetubus.
You are covered in liquid flames!
The ufetubus hits you but does no damage.
The ufetubus hits you.
The red devil hits you from afar with a +0 trident of flaming.
Barbed spikes become lodged in your body.
The red devil burns you.
The orc priest invokes the aid of Beogh against you.
Beogh smites you!
* * * LOW HITPOINT WARNING * * *
Unknown command.
The barbs in your skin will harm you if you move.
Continue?
Okay, then.
Unknown command.
The barbs in your skin will harm you if you move.
Continue?
The barbed spikes dig painfully into your body as you move.
* * * LOW HITPOINT WARNING * * *
You are covered in liquid flames!
* * * LOW HITPOINT WARNING * * *
You are no longer on fire.
The ufetubus closely misses you. You block the ufetubus's attack.
There is a transporter here.
You enter the transporter and appear at another place.
The ufetubus hits you but does no damage.
You block the ufetubus's attack.
You hit the ufetubus.
The ufetubus convulses!
You kill the ufetubus!
The ufetubus disappears in a puff of smoke!
The barbed spikes dig painfully into your body as you move.
You die...

#.......# #....##..... #.#####.#
#.##.##.....
#.#####(#######.#...#..... #####
#.##...................... #...#
#.......#..###############
#.#.####..###..#..#8≈#ooKo5..#P8#
..........# #.#...#P.#≈≈≈≈≈≈≈#:P#
#.##.####.###.#...#$?#..≈≈≈..#..#
#.##<# ##.....#.@©#5334.≈♣P§.'.©#
#.##.# #......##§.#$!#..≈P≈..#..#
#.##.# #......###.#P.#≈≈≈≈≈≈≈#.P#
^.>..###......# #.#8≈#5oo....#P8#
#.....##......# #.###############
#####.##......# #................
#.##......###....#.#####.#...
#.#######..))......# #.#...
#.###...#####...########.#...


You could see 2 smoke demons, a red devil (summoned), 3 orc priests, a shadow
imp and an ufetubus (summoned).

Vanquished Creatures
  A two-headed ogre (D:9)
  Pikel (D:7)
  A hornet (D:9)
  A troll (D:9)
  Prince Ribbit (D:6)
  5 yaks (D:9)
  A wyvern (D:7)
  An acid dragon (D:9)
  3 orc warriors
  Duvessa (D:7)
  3 ice beasts
  2 hornet zombies (D:7)
  2 sky beasts (D:7)
  A necrophage (D:6)
  2 ogres
  2 wolves (D:9)
  2 centaurs (D:8)
  A phantom (D:5)
  3 bullfrogs
  A gnoll sergeant (D:8)
  2 water moccasin skeletons
  Dowan (D:7)
  5 killer bees (D:9)
  6 electric eels
  5 howler monkeys
  7 hounds
  3 jellies
  A bullfrog skeleton (D:6)
  4 orc priests
  2 centaur skeletons
  Crazy Yiuf (D:7)
  3 orc wizards
  An iguana (D:4)
  A killer bee zombie (D:4)
  The ghost of p0werm0de the Sneak, a weakling OpDe (D:4)
  A hound skeleton (D:4)
  A howler monkey skeleton (D:6)
  4 gnolls
  4 adders
  3 shadow imps
  A white imp (D:7)
  2 ufetubi
  2 dart slugs
  19 orcs
  6 bats
  10 endoplasms
  2 giant cockroaches
  5 goblins
  9 hobgoblins
  3 kobolds
  2 quokkas
  7 ball pythons
  A frilled lizard (D:3)
  6 rats
  A spectral orc (D:3)
167 creatures vanquished.

Vanquished Creatures (others)
  A gnoll (D:8)
  A quokka (D:9)
  3 plants
  3 withered plants (D:2)
8 creatures vanquished.

Grand Total: 175 creatures vanquished

Notes
Turn   | Place    | Note
-------+----------+-------------------------------------------
     0 | D:1      | theElss the Gargoyle Berserker began the quest for the Orb.
     0 | D:1      | Reached XP level 1. HP: 14/14 MP: 1/1
    77 | D:1      | Reached XP level 2. HP: 19/19 MP: 2/2
   267 | D:1      | Reached XP level 3. HP: 24/24 MP: 3/3
   569 | D:2      | Reached ** piety under Trog
   576 | D:2      | Reached skill level 4 in Maces & Flails
   576 | D:2      | Reached XP level 4. HP: 19/29 MP: 4/4
   951 | D:2      | Found a faded altar of an unknown god.
  1566 | D:3      | Reached XP level 5. HP: 33/34 MP: 5/5
  2133 | D:3      | Found a basalt altar of Yredelemnul.
  2212 | D:4      | You fall into a shaft and drop 1 floor!
  2212 | D:5      | Entered Level 5 of the Dungeon
  2212 | D:5      | Noticed a phantom
  2221 | D:5      | Killed a phantom
  2310 | D:4      | Noticed an ogre
  2318 | D:4      | Killed an ogre
  2319 | D:4      | Reached skill level 5 in Fighting
  2319 | D:4      | Reached XP level 6. HP: 31/40 MP: 6/6
  2491 | D:4      | Found a runed translucent gate.
  2491 | D:4      | Found a runed translucent gate.
  2491 | D:4      | Found a runed translucent gate.
  2495 | D:4      | Noticed p0werm0de's ghost (weakling OpDe)
  2511 | D:4      | Killed p0werm0de's ghost
  2549 | D:4      | Found a staircase to the Ecumenical Temple.
  2557 | D:4      | Reached skill level 1 in Evocations
  2652 | D:4      | Reached skill level 5 in Maces & Flails
  2668 | D:4      | Noticed an ice beast
  2703 | D:4      | Killed an ice beast
  2704 | D:4      | Reached XP level 7. HP: 28/44 MP: 7/7
  4211 | D:5      | Found an ancient bone altar of Kikubaaqudgha.
  4384 | D:5      | Reached XP level 8. HP: 49/51 MP: 8/8
  4911 | D:6      | Found a sparkling altar of Nemelex Xobeh.
  4944 | D:6      | Reached skill level 6 in Maces & Flails
  5252 | D:6      | Reached skill level 5 in Armour
  5401 | D:6      | Found a stormy altar of Qazlal.
  5420 | D:6      | Reached *** piety under Trog
  6017 | D:7      | Noticed Pikel
  6036 | D:7      | Killed Pikel
  6037 | D:7      | Reached skill level 7 in Maces & Flails
  6037 | D:7      | Reached XP level 9. HP: 49/56 MP: 9/9
  6227 | D:7      | Found a broken altar of Ashenzari.
  6300 | D:7      | Noticed Dowan
  6300 | D:7      | Noticed Prince Ribbit
  6303 | D:7      | Noticed Duvessa
  6314 | D:6      | Killed Prince Ribbit
  6374 | D:7      | Killed Duvessa
  6428 | D:7      | Killed Dowan
  6429 | D:7      | Reached skill level 8 in Maces & Flails
  6541 | D:7      | Found a sacrificial altar of Ru.
  6590 | D:7      | Found a runed translucent door.
  6591 | D:7      | Noticed Crazy Yiuf
  6599 | D:7      | Killed Crazy Yiuf
  7104 | D:8      | Noticed a kobold demonologist
  7106 | D:8      | Found a transporter.
  7190 | D:8      | Reached XP level 10. HP: 49/63 MP: 10/10
  7227 | D:8      | Found a transporter.
  7280 | D:9      | Reached skill level 5 in Dodging
  7452 | D:9      | Reached skill level 9 in Maces & Flails
  7601 | D:9      | Reached skill level 5 in Evocations
  8204 | D:9      | Noticed a two-headed ogre
  8214 | D:9      | Killed a two-headed ogre
  8390 | D:9      | Found a white marble altar of Elyvilon.
  8790 | D:8      | Found a staircase to the Lair.
  9404 | D:8      | Noticed a smoke demon
  9413 | D:8      | Noticed a smoke demon
  9419 | D:8      | Succumbed to barbed spike wounds

Illustrated notes

Levels and vault maps discovered:
D:1:      dpeg_arrival_arbitrary_c, layout_rooms, minmay_tiny_reverse_x
D:2:      layout_rooms, ebering_ecumenical_altar_petrified
D:3:      layout_loops_corners, yredelemnul_forgotten_temple_becter
D:4:      layout_layer_cave, minmay_temple_entry_proselytizer,
          ebering_ghost_rock_garden, st_stairs_2
D:5:      layout_basic, mainiacjoe_overflow_six_doors_small
D:6:      layout_basic, mainiacjoe_overflow_paths,
          nicolae_overflow_hidden_temple, serial_bayou, serial_bayou_crossing,
          serial_bayou_pond_a, serial_bayou_pond_e, serial_bayou_ford_a,
          serial_bayou_pond_e, hangedman_decor_diamond_cutter,
          grunt_ministairs_9, glass_columns_a
D:7:      layout_loops_cross, nicolae_ru_sacrificial_ziggurat, enter_bailey_2,
          minmay_ruined_shrine, uniq_duvessa, uniq_prince_ribbit1,
          uniq_crazy_yiuf_cottage, uniq_pikel
D:8:      gammafunk_wand_slinger, layout_loops_cross, erik_lair_island
D:9:      layout_basic, elyvilon_altar_4

Skill      XL: |  1  2  3  4  5  6  7  8  9 10 |
---------------+-------------------------------+-----
Fighting       | 4 5 6 7 8 |  8.5
Maces & Flails | 4 5 7 8 9 |  9.9
Armour         | 3 4 5 6 7 |  7.7
Dodging        | 2 3 4 5 |  5.7
Evocations     | 1 2 3 4 5 |  5.0
Stealth        | |  0.1
Shields        | |  0.1

Action                   |  1- 3 |  4- 6 |  7- 9 | 10-12 || total
-------------------------+-------+-------+-------+-------++-------
Melee: Mace              |    61 |   144 |    87 |       ||   292
       Punch             |       |     2 |     7 |     5 ||    14
       Flail             |       |       |   110 |    84 ||   194
       Whip              |       |       |   186 |   180 ||   366
Invok: Berserk           |     1 |     5 |    10 |     3 ||    19
       Trog's Hand       |       |       |     1 |     1 ||     2
  Use: Scroll            |       |       |     5 |     1 ||     6
       Potion            |       |       |     1 |     1 ||     2
Armor: Chain mail        |    53 |    94 |    77 |       ||   224
       Plate armour      |       |       |   160 |   175 ||   335
Dodge: Dodged            |    24 |    52 |   122 |    82 ||   280
Block: Kite shield       |       |       |       |     4 ||     4
